 Dungeon Crawl Stone Soup version 0.24.0-123-gd5b16e6ec5 (webtiles) character file.

Game seed: 4864187419889609772, levelgen mode: deterministic

107 FishyPogo the Stinger (level 4, -8/32 HPs)
             Began as a Gnoll Venom Mage on Dec 19, 2019.
             Mangled by Grinder (10 damage)
             ... while paralysed by Grinder
             ... on level 3 of the Dungeon.
             The game lasted 00:06:55 (1392 turns).

FishyPogo the Stinger (Gnoll Venom Mage)            Turns: 1392, Time: 00:06:56

Health: -8/32      AC:  2    Str: 11    XL:     4   Next: 86%
Magic:  11/11      EV:  2    Int: 18    God:
Gold:   78         SH:  0    Dex: 20    Spells: 7/13 levels left

rFire    . . .     SeeInvis .   l - +1 spear (vamp)
rCold    . . .     Gourm    .   (no shield)
rNeg     . . .     Faith    .   a - +0 robe
rPois    .         Spirit   .   (no helmet)
rElec    .         Reflect  .   (no cloak)
rCorr    .         Harm     .   (no gloves)
MR       .....                  (no boots)
Stlth    ++++......             e - amulet of regeneration
HPRegen  0.50/turn              g - ring of flight
MPRegen  0.12/turn              (no ring)

@: paralysed, agile
A: distributed training, fangs 1, strong nose
a: Evoke Flight


You were on level 3 of the Dungeon.
You were not hungry.

You visited 1 branch of the dungeon, and saw 3 of its levels.

You collected 78 gold pieces.

Inventory:

Hand Weapons
 l - a +1 vampiric spear (weapon)
Missiles
 d - 54 stones (quivered)
 j - 36 poisoned darts
Armour
 a - a +0 robe (worn)
 i - a +0 shield
Jewellery
 e - an amulet of regeneration (around neck)
 g - a ring of flight (left hand)
Scrolls
 h - a scroll of remove curse
 m - 2 scrolls of teleportation {unknown}
 o - a scroll of identify {unknown}
Comestibles
 b - 11 chunks of flesh
 c - 4 rations


   Skills:
 + Level 1.2 Fighting
 + Level 1.2 Short Blades
 + Level 1.2 Long Blades
 + Level 1.2 Axes
 + Level 1.2 Maces & Flails
 + Level 1.2 Polearms
 + Level 1.2 Staves
 + Level 1.2 Slings
 + Level 1.2 Bows
 + Level 1.2 Crossbows
 + Level 1.2 Throwing
 + Level 1.2 Armour
 + Level 4.7 Dodging
 + Level 4.3 Stealth
 + Level 1.2 Shields
 + Level 1.2 Unarmed Combat
 + Level 5.1 Spellcasting
 + Level 2.3 Conjurations
 + Level 1.0 Hexes
 + Level 1.0 Charms
 + Level 1.0 Summonings
 + Level 1.0 Necromancy
 + Level 1.0 Translocations
 + Level 1.0 Transmutations
 + Level 1.0 Fire Magic
 + Level 1.0 Ice Magic
 + Level 1.0 Air Magic
 + Level 1.0 Earth Magic
 + Level 5.5 Poison Magic
 + Level 1.3 Invocations
 + Level 1.2 Evocations


You had 7 spell levels left.
You knew the following spells:

 Your Spells              Type           Power        Failure   Level  Hunger
a - Sting                 Conj/Pois      ###.         2%          1    None
b - Poisonous Vapours     Pois/Air       ###...       5%          2    #......
c - Mephitic Cloud        Conj/Pois/Air  ###.....     12%         3    ##.....

Your spell library contained the following spells:

 Spells                   Type           Power        Failure   Level  Hunger
 Olgreb's Toxic Radiance  Pois           ###.....     14%         4    ####...
 Venom Bolt               Conj/Pois      ###.......   58%         5    ######.


Dungeon Overview and Level Annotations

Branches:
Dungeon (3/15)

Altars:

Annotations:
D:3 Grinder


Innate Abilities, Weirdness & Mutations

Your experience applies equally to all skills.
You have very sharp teeth.
Your uncanny sense of smell can sniff out nearby items.


Message History

You feel blessed for a moment.
It was a scroll of remove curse.
Grinder hits you.
You writhe in agony.
You closely miss Grinder.
Grinder is lightly wounded.
Grinder gestures at you.
You suddenly lose the ability to move!
Grinder gestures at you.
You shrug off the repeated paralysis!
Grinder says, "Don't move a muscle."
Grinder gestures at you. Pain shoots through your body!
* * * LOW HITPOINT WARNING * * *
Grinder says, "Mostly I couldn't keep them alive."
Grinder hits you.
* * * LOW HITPOINT WARNING * * *
You writhe in agony.
* * * LOW HITPOINT WARNING * * *
Grinder hits you but does no damage. Grinder hits you!
You die...

##÷####'####÷#..#######
##.................#
#................#.#
#..............###.####
#.#'####'####'#..#÷...##
#.#..#.....#.÷#..####...
#.#.÷#.....#..#..# ####
#.####.....####..# #
#.#?.#.@5..# ∆ ..#
#.#..'.....+ .<#
#.####+###'# #.# ..# S.#
####


You could see Grinder (inner flame).

Vanquished Creatures
  Robin (D:2)
  3 adders
  An ooze (D:3)
  A worm (D:2)
  2 dart slugs
  2 leopard geckos
  A bat (D:1)
  3 giant cockroaches
  7 hobgoblins (D:2)
  3 jackals (D:3)
  4 ball pythons
  3 frilled lizards
  17 goblins
  3 kobolds
  A rat (D:1)
52 creatures vanquished.

Notes
Turn   | Place    | Note
-------+----------+-------------------------------------------
     0 | D:1      | FishyPogo the Gnoll Venom Mage began the quest for the Orb.
     0 | D:1      | Reached XP level 1. HP: 13/13 MP: 6/6
    79 | D:1      | Reached XP level 2. HP: 11/19 MP: 0/7
   423 | D:2      | Reached skill level 5 in Spellcasting
   423 | D:2      | Reached XP level 3. HP: 23/25 MP: 1/9
   452 | D:2      | Learned a level 2 spell: Poisonous Vapours
   456 | D:2      | Learned a level 3 spell: Mephitic Cloud
   663 | D:2      | Reached skill level 1 in Invocations
   668 | D:2      | Noticed Robin
   768 | D:2      | Killed Robin
   768 | D:2      | Reached skill level 1 in Fighting
   768 | D:2      | Reached skill level 1 in Short Blades
   768 | D:2      | Reached skill level 1 in Long Blades
   768 | D:2      | Reached skill level 1 in Axes
   768 | D:2      | Reached skill level 1 in Maces & Flails
   768 | D:2      | Reached skill level 1 in Polearms
   768 | D:2      | Reached skill level 1 in Staves
   768 | D:2      | Reached skill level 1 in Slings
   768 | D:2      | Reached skill level 1 in Bows
   768 | D:2      | Reached skill level 1 in Crossbows
   768 | D:2      | Reached skill level 1 in Throwing
   768 | D:2      | Reached skill level 1 in Armour
   768 | D:2      | Reached skill level 1 in Shields
   768 | D:2      | Reached skill level 1 in Unarmed Combat
   768 | D:2      | Reached skill level 1 in Evocations
   768 | D:2      | Reached XP level 4. HP: 8/32 MP: 0/11
  1277 | D:3      | Reached skill level 1 in Hexes
  1277 | D:3      | Reached skill level 1 in Charms
  1277 | D:3      | Reached skill level 1 in Summonings
  1277 | D:3      | Reached skill level 1 in Necromancy
  1277 | D:3      | Reached skill level 1 in Translocations
  1277 | D:3      | Reached skill level 1 in Transmutations
  1277 | D:3      | Reached skill level 1 in Fire Magic
  1277 | D:3      | Reached skill level 1 in Ice Magic
  1277 | D:3      | Reached skill level 1 in Air Magic
  1277 | D:3      | Reached skill level 1 in Earth Magic
  1353 | D:3      | Noticed Grinder
  1387 | D:3      | Paralysed by Grinder for 7 turns
  1390 | D:3      | HP: 1/32 [Grinder (3)]
  1392 | D:3      | Mangled by Grinder

Levels and vault maps discovered:
D:1:      minmay_arrival_shoal_huts, layout_basic
D:2:      layout_basic, uniq_robin
D:3:      layout_rooms, tso_metal_star, kennysheep_minor_cross,
          nrook_mini_vaults, minmay_snake_closets, uniq_grinder, uniq_sigmund

Skill      XL: |  1  2  3  4 |
---------------+-------------+-----
Conjurations   | 2 |  2.3
Spellcasting   | 5 |  5.1
Invocations    | 1 |  1.3
Fighting       | 1 |  1.2
Short Blades   | 1 |  1.2
Long Blades    | 1 |  1.2
Axes           | 1 |  1.2
Maces & Flails | 1 |  1.2
Polearms       | 1 |  1.2
Staves         | 1 |  1.2
Slings         | 1 |  1.2
Bows           | 1 |  1.2
Crossbows      | 1 |  1.2
Throwing       | 1 |  1.2
Armour         | 1 |  1.2
Shields        | 1 |  1.2
Unarmed Combat | 1 |  1.2
Evocations     | 1 |  1.2
Hexes          | 1 |  1.0
Charms         | 1 |  1.0
Summonings     | 1 |  1.0
Necromancy     | 1 |  1.0
Translocations | 1 |  1.0
Transmutations | 1 |  1.0
Fire Magic     | 1 |  1.0
Ice Magic      | 1 |  1.0
Air Magic      | 1 |  1.0
Earth Magic    | 1 |  1.0
Dodging        | |  4.7
Stealth        | |  4.3
Poison Magic   | |  5.5

Action                   |  1- 3 |  4- 6 || total
-------------------------+-------+-------++-------
Melee: Unarmed           |    78 |       ||    78
       Bite              |     9 |     6 ||    15
       Spear             |       |    59 ||    59
 Cast: Sting             |    50 |    23 ||    73
       Mephitic Cloud    |     5 |     1 ||     6
       Poisonous Vapours |     1 |     3 ||     4
  Use: Potion            |       |     3 ||     3
       Scroll            |       |     2 ||     2
 Stab: Confused          |     2 |     2 ||     4
       Sleeping          |       |     4 ||     4
  Eat: Chunk             |       |     2 ||     2
Armor: Robe              |    13 |     4 ||    17
Dodge: Dodged            |    69 |    24 ||    93
